[ PARTIDA AOE2 · #457080225 ]
UnrankedMapuche vs Khitans
[ ANÁLISIS DE REPETICIÓN · EXTRAÍDO DE LA PARTIDA GRABADA ]
Feudal
10:37
Castillos
14:11
Imperial
30:01
| APM promedio | 33.0 |
| APM pico | 87 |
| eAPM promedio | 16.7 |
| Aldeanos / militares | 130 / 135 |
Foco
⚔️ 34.1% · 🌾 65.9%
Bolas Rider ×73 · Kona ×54 · Skirmisher ×3 · Trebuchet (Packed) ×2 · Spearman ×1 · Petard ×1
Feudal
11:28
Castillos
15:39
Imperial
24:55
| APM promedio | 16.9 |
| APM pico | 42 |
| eAPM promedio | 10.5 |
| Aldeanos / militares | 50 / 62 |
Foco
⚔️ 22.6% · 🌾 77.4%
Skirmisher ×59 · Unknown (1920) ×29 · Trebuchet (Packed) ×3
Feudal
—
Castillos
—
Imperial
—
| APM promedio | 17.8 |
| APM pico | 57 |
| eAPM promedio | 16.0 |
| Aldeanos / militares | 126 / 129 |
Foco
⚔️ 40.2% · 🌾 59.8%
Spearman ×78 · Skirmisher ×27 · Bombard Cannon ×24
Feudal
11:47
Castillos
15:20
Imperial
34:16
| APM promedio | 41.9 |
| APM pico | 79 |
| eAPM promedio | 18.6 |
| Aldeanos / militares | 141 / 29 |
Foco
⚔️ 17.3% · 🌾 82.7%
Unknown (2562) ×21 · Archer ×16 · Unknown (2586) ×13 · Petard ×5 · Mangonel ×5 · Monk ×3
Feudal
11:13
Castillos
14:24
Imperial
29:20
| APM promedio | 32.1 |
| APM pico | 106 |
| eAPM promedio | 24.9 |
| Aldeanos / militares | 171 / 140 |
Foco
⚔️ 28.2% · 🌾 71.8%
Archer ×40 · Hand Cannoneer ×36 · War Elephant ×29 · Battering Ram ×21 · Bombard Cannon ×9 · Trebuchet (Packed) ×3
Feudal
12:14
Castillos
16:09
Imperial
—
| APM promedio | 17.6 |
| APM pico | 39 |
| eAPM promedio | 11.2 |
| Aldeanos / militares | 96 / 148 |
Foco
⚔️ 22.2% · 🌾 77.8%
Skirmisher ×53 · Spearman ×32 · Archer ×30 · Militia ×20 · Shotel Warrior ×13
Feudal
12:30
Castillos
16:02
Imperial
30:13
| APM promedio | 54.6 |
| APM pico | 101 |
| eAPM promedio | 28.4 |
| Aldeanos / militares | 150 / 31 |
Foco
⚔️ 40.4% · 🌾 59.6%
Unknown (2579) ×50 · Unknown (2550) ×21 · Petard ×18 · Unknown (2582) ×11 · Battering Ram ×7 · Trebuchet (Packed) ×4
Feudal
11:26
Castillos
20:10
Imperial
—
| APM promedio | 14.9 |
| APM pico | 55 |
| eAPM promedio | 9.2 |
| Aldeanos / militares | 61 / 17 |
Foco
⚔️ 17.7% · 🌾 82.3%
Unknown (2550) ×10 · Kamayuk ×10 · Petard ×4 · Scorpion ×3
Mapa de la partida
Recursos iniciales + cada clic de construcción. Líneas = muros · curvas = relieve. ◆ oro · ⬟ piedra · ● bayas · ✦ reliquia · ◌ hueco del cierre
Tu base· ✓ Cerrada en 14:11 · 0t muro · 3 puerta(s)
Base de No conozco el honor· ✓ Cerrada en 15:39 · 0t muro · 2 puerta(s)
Base de NightPlane492· ✓ Cerrada en 15:02 · 0t muro · 3 puerta(s)
Base de Lobo estepario· ✓ Cerrada en 15:20 · 0t muro · 2 puerta(s)
Base de KYOsUkE· ✓ Cerrada en 14:24 · 0t muro · 2 puerta(s)
Base de Nick Z· ✓ Cerrada en 16:09 · 0t muro · 3 puerta(s)
Base de BigBlackBOar· ✓ Cerrada en 16:02 · 0t muro · 2 puerta(s)
Base de unknown· ✓ Cerrada en 20:10 · 0t muro · 3 puerta(s)
Terreno inicial suavizado · ◌ = hueco del cierre detectado · pasá el cursor para detalles
Inputs por minuto
— Pandev - - No conozco el honor
Build order — Pandev
Primeras 150 de 355 acciones detectadas
| 0:02 | Crear | Villager (Male) |
| 0:02 | Crear | Villager (Male) |
| 0:02 | Crear | Villager (Male) |
| 0:04 | Construir | House |
| 0:06 | Construir | House |
| 0:09 | Crear | Villager (Male) |
| 1:27 | Crear | Villager (Male) |
| 1:48 | Construir | Settlement |
| 1:51 | Crear | Villager (Male) |
| 2:10 | Crear | Villager (Male) |
| 2:10 | Crear | Villager (Male) |
| 2:51 | Crear | Villager (Male) |
| 2:51 | Crear | Villager (Male) |
| 3:04 | Crear | Villager (Male) |
| 3:04 | Crear | Villager (Male) |
| 3:46 | Crear | Villager (Male) |
| 3:46 | Crear | Villager (Male) |
| 3:55 | Construir | House |
| 3:57 | Construir | House |
| 3:58 | Construir | House |
| 4:17 | Crear | Villager (Male) |
| 4:17 | Crear | Villager (Male) |
| 4:18 | Crear | Villager (Male) |
| 4:55 | Crear | Villager (Male) |
| 4:56 | Crear | Villager (Male) |
| 4:56 | Crear | Villager (Male) |
| 5:41 | Crear | Villager (Male) |
| 5:41 | Crear | Villager (Male) |
| 5:41 | Crear | Villager (Male) |
| 6:00 | Construir | Farm |
| 6:06 | Construir | Settlement |
| 6:11 | Crear | Villager (Male) |
| 6:11 | Crear | Villager (Male) |
| 6:11 | Crear | Villager (Male) |
| 6:34 | Construir | Farm |
| 6:53 | Crear | Villager (Male) |
| 7:01 | Crear | Villager (Male) |
| 7:02 | Crear | Villager (Male) |
| 7:21 | Crear | Villager (Male) |
| 7:21 | Crear | Villager (Male) |
| 7:26 | Construir | Settlement |
| 8:10 | Investigar | Feudal Age |
| 8:36 | Crear | Villager (Male) |
| 8:36 | Crear | Villager (Male) |
| 10:37 | Edad | Edad Feudal |
| 10:40 | Construir | Market |
| 10:44 | Construir | Blacksmith |
| 11:15 | Construir | House |
| 11:31 | Investigar | Castle Age |
| 11:50 | Investigar | Double-Bit Axe |
| 13:03 | Investigar | Horse Collar |
| 13:46 | Construir | Farm |
| 14:11 | Edad | Edad de los Castillos |
| 14:15 | Construir | Town Center |
| 14:17 | Construir | Town Center |
| 14:19 | Crear | Villager (Male) |
| 14:19 | Crear | Villager (Male) |
| 14:20 | Crear | Villager (Male) |
| 14:50 | Investigar | Bow Saw |
| 15:02 | Crear | Villager (Male) |
| 15:14 | Construir | Farm |
| 15:31 | Investigar | Heavy Plow |
| 15:38 | Crear | Villager (Male) |
| 15:38 | Crear | Villager (Male) |
| 15:45 | Crear | Villager (Male) |
| 15:53 | Construir | Farm |
| 15:59 | Construir | Farm |
| 16:06 | Crear | Villager (Male) |
| 16:14 | Construir | Farm |
| 16:20 | Construir | Farm |
| 16:38 | Crear | Villager (Male) |
| 16:39 | Crear | Villager (Male) |
| 16:45 | Construir | Farm |
| 16:58 | Construir | Farm |
| 16:59 | Construir | Farm |
| 17:15 | Construir | Farm |
| 17:21 | Construir | Farm |
| 17:23 | Crear | Villager (Male) |
| 17:24 | Crear | Villager (Male) |
| 17:24 | Crear | Villager (Male) |
| 17:33 | Construir | Farm |
| 17:35 | Construir | Farm |
| 17:37 | Construir | Farm |
| 17:41 | Crear | Villager (Male) |
| 17:41 | Crear | Villager (Male) |
| 17:50 | Construir | Farm |
| 17:54 | Crear | Villager (Male) |
| 17:54 | Crear | Villager (Male) |
| 18:12 | Crear | Villager (Male) |
| 18:19 | Crear | Villager (Male) |
| 18:23 | Construir | Farm |
| 18:26 | Construir | Settlement |
| 18:38 | Crear | Villager (Male) |
| 18:38 | Crear | Villager (Male) |
| 18:40 | Crear | Villager (Male) |
| 18:40 | Crear | Villager (Male) |
| 18:43 | Construir | Farm |
| 18:44 | Construir | Farm |
| 18:53 | Construir | Farm |
| 18:54 | Construir | Farm |
| 19:11 | Crear | Villager (Male) |
| 19:12 | Crear | Villager (Male) |
| 19:12 | Crear | Villager (Male) |
| 19:12 | Crear | Villager (Male) |
| 19:16 | Crear | Villager (Male) |
| 19:16 | Crear | Villager (Male) |
| 19:19 | Construir | Farm |
| 19:23 | Crear | Villager (Male) |
| 19:27 | Construir | Farm |
| 19:32 | Construir | Farm |
| 19:38 | Crear | Villager (Male) |
| 19:39 | Crear | Villager (Male) |
| 19:50 | Crear | Villager (Male) |
| 19:51 | Crear | Villager (Male) |
| 19:53 | Construir | Farm |
| 20:08 | Crear | Villager (Male) |
| 20:08 | Crear | Villager (Male) |
| 20:32 | Crear | Villager (Male) |
| 20:33 | Crear | Villager (Male) |
| 20:36 | Construir | Barracks |
| 20:45 | Construir | House |
| 20:46 | Construir | House |
| 20:47 | Construir | House |
| 20:48 | Construir | House |
| 20:52 | Crear | Villager (Male) |
| 20:54 | Crear | Villager (Male) |
| 20:54 | Crear | Villager (Male) |
| 20:54 | Crear | Villager (Male) |
| 21:04 | Crear | Villager (Male) |
| 21:05 | Crear | Villager (Male) |
| 21:05 | Crear | Villager (Male) |
| 21:10 | Construir | Settlement |
| 21:19 | Crear | Villager (Male) |
| 21:19 | Crear | Villager (Male) |
| 21:24 | Crear | Spearman |
| 21:36 | Crear | Villager (Male) |
| 21:36 | Crear | Villager (Male) |
| 21:59 | Construir | Archery Range |
| 22:02 | Crear | Villager (Male) |
| 22:02 | Crear | Villager (Male) |
| 22:02 | Crear | Villager (Male) |
| 22:03 | Crear | Villager (Male) |
| 22:03 | Crear | Villager (Male) |
| 22:03 | Crear | Villager (Male) |
| 22:13 | Construir | Farm |
| 22:15 | Construir | Farm |
| 22:16 | Construir | Farm |
| 22:17 | Construir | Farm |
| 22:21 | Crear | Villager (Male) |
| 22:21 | Crear | Villager (Male) |
Build order — No conozco el honor
138 acciones detectadas en el replay
| 0:02 | Crear | Villager (Male) ×4 |
| 0:07 | Construir | House |
| 0:18 | Construir | House |
| 0:20 | Construir | House |
| 0:35 | Construir | House |
| 0:49 | Construir | Mill |
| 1:00 | Investigar | Loom |
| 1:35 | Crear | Villager (Male) |
| 2:16 | Crear | Villager (Male) |
| 2:32 | Crear | Villager (Male) |
| 3:14 | Crear | Villager (Male) ×2 |
| 3:49 | Crear | Villager (Male) |
| 4:05 | Crear | Villager (Male) ×2 |
| 4:28 | Crear | Villager (Male) |
| 5:14 | Crear | Villager (Male) ×2 |
| 5:59 | Crear | Villager (Male) ×2 |
| 6:28 | Crear | Villager (Male) |
| 6:38 | Construir | Lumber Camp |
| 6:56 | Crear | Villager (Male) |
| 7:25 | Crear | Villager (Male) |
| 7:25 | Crear | Villager (Male) |
| 8:48 | Construir | Mining Camp |
| 8:58 | Investigar | Feudal Age |
| 9:01 | Construir | House |
| 9:54 | Crear | Villager (Male) |
| 9:54 | Crear | Villager (Male) |
| 9:54 | Crear | Villager (Male) |
| 11:28 | Edad | Edad Feudal |
| 11:33 | Construir | Market |
| 12:13 | Construir | Blacksmith |
| 12:59 | Investigar | Castle Age |
| 13:24 | Investigar | Tech 1014 |
| 13:33 | Investigar | Double-Bit Axe |
| 13:59 | Investigar | Gold Mining |
| 14:08 | Construir | House |
| 14:38 | Construir | Pasture |
| 15:08 | Construir | Pasture |
| 15:12 | Crear | Villager (Male) |
| 15:28 | Crear | Villager (Male) |
| 15:32 | Construir | Pasture |
| 15:39 | Edad | Edad de los Castillos |
| 16:00 | Construir | Pasture |
| 16:27 | Crear | Villager (Male) ×2 |
| 16:36 | Construir | Pasture |
| 16:44 | Crear | Villager (Male) |
| 17:00 | Construir | Castle |
| 17:09 | Crear | Villager (Male) ×2 |
| 17:47 | Crear | Villager (Male) ×3 |
| 17:50 | Construir | Pasture |
| 17:59 | Construir | Pasture |
| 18:25 | Construir | Pasture |
| 18:45 | Crear | Villager (Male) ×4 |
| 18:48 | Crear | Unit 1920 |
| 19:06 | Crear | Unit 1920 |
| 19:06 | Crear | Unit 1920 |
| 19:13 | Construir | Mining Camp |
| 19:22 | Crear | Villager (Male) ×2 |
| 19:53 | Construir | Pasture |
| 21:45 | Investigar | Imperial Age |
| 21:49 | Construir | Barracks |
| 22:33 | Investigar | Bow Saw |
| 22:39 | Construir | House |
| 22:39 | Construir | House |
| 22:49 | Construir | Archery Range |
| 22:56 | Investigar | Fletching |
| 22:56 | Investigar | Padded Archer Armor |
| 22:58 | Investigar | Town Watch |
| 23:21 | Construir | Archery Range |
| 23:35 | Crear | Unit 1920 |
| 23:35 | Crear | Unit 1920 |
| 23:58 | Investigar | Bodkin Arrow |
| 24:00 | Investigar | Elite Skirmisher (upgrade) |
| 24:06 | Investigar | Forging |
| 24:49 | Crear | Skirmisher |
| 24:55 | Edad | Edad Imperial |
| 24:56 | Crear | Trebuchet (Packed) |
| 25:00 | Investigar | Bracer |
| 25:05 | Crear | Villager (Male) |
| 25:12 | Construir | Lumber Camp |
| 25:32 | Crear | Villager (Male) ×3 |
| 26:02 | Crear | Trebuchet (Packed) |
| 26:09 | Crear | Skirmisher ×2 |
| 26:15 | Investigar | Leather Archer Armor |
| 26:17 | Crear | Villager (Male) ×2 |
| 26:40 | Crear | Skirmisher ×4 |
| 27:15 | Crear | Skirmisher ×3 |
| 27:16 | Crear | Skirmisher ×3 |
| 27:36 | Crear | Skirmisher ×4 |
| 27:38 | Crear | Unit 1920 ×2 |
| 28:01 | Construir | House |
| 28:06 | Construir | House |
| 28:08 | Construir | House |
| 28:14 | Construir | Pasture |
| 28:28 | Construir | House |
| 28:29 | Construir | House |
| 28:29 | Construir | House |
| 28:39 | Crear | Skirmisher ×4 |
| 28:39 | Crear | Skirmisher ×4 |
| 28:43 | Crear | Unit 1920 ×4 |
| 28:48 | Investigar | Conscription |
| 29:47 | Crear | Trebuchet (Packed) |
| 29:49 | Crear | Skirmisher |
| 29:50 | Crear | Skirmisher |
| 29:53 | Crear | Skirmisher |
| 29:53 | Crear | Skirmisher |
| 29:53 | Crear | Skirmisher |
| 30:18 | Crear | Skirmisher ×5 |
| 30:19 | Crear | Skirmisher ×5 |
| 30:19 | Crear | Skirmisher |
| 30:35 | Crear | Unit 1920 ×5 |
| 30:35 | Crear | Unit 1920 ×5 |
| 30:40 | Crear | Skirmisher |
| 30:40 | Crear | Skirmisher |
| 30:40 | Crear | Skirmisher |
| 30:53 | Construir | House |
| 30:54 | Construir | House |
| 30:54 | Construir | House |
| 30:54 | Construir | House |
| 30:54 | Construir | House |
| 31:10 | Crear | Unit 1920 ×3 |
| 31:14 | Crear | Skirmisher |
| 31:14 | Crear | Skirmisher ×2 |
| 31:14 | Crear | Skirmisher ×2 |
| 31:39 | Investigar | Scale Mail Armor |
| 32:42 | Crear | Unit 1920 ×5 |
| 32:44 | Crear | Skirmisher ×5 |
| 32:45 | Crear | Skirmisher ×5 |
| 33:15 | Crear | Villager (Male) |
| 33:15 | Crear | Villager (Male) |
| 33:22 | Construir | Pasture |
| 33:23 | Construir | Pasture |
| 33:23 | Construir | Pasture |
| 33:24 | Construir | Pasture |
| 33:25 | Construir | Pasture |
| 33:25 | Construir | Pasture |
| 33:26 | Construir | Pasture |
| 33:28 | Crear | Villager (Male) ×2 |
| 37:54 | Construir | Mining Camp |
Build order — NightPlane492
Primeras 150 de 420 acciones detectadas
| 0:04 | Crear | Villager (Male) |
| 0:05 | Crear | Villager (Male) |
| 0:05 | Crear | Villager (Male) |
| 0:05 | Crear | Villager (Male) |
| 0:05 | Crear | Villager (Male) |
| 0:07 | Construir | House |
| 0:10 | Construir | House |
| 1:30 | Crear | Villager (Male) |
| 1:30 | Crear | Villager (Male) |
| 1:30 | Crear | Villager (Male) |
| 1:54 | Construir | Lumber Camp |
| 2:11 | Crear | Villager (Male) |
| 2:39 | Crear | Villager (Male) |
| 3:01 | Crear | Villager (Male) |
| 3:30 | Crear | Villager (Male) |
| 3:46 | Construir | House |
| 3:49 | Construir | House |
| 4:10 | Construir | Mill |
| 4:31 | Crear | Villager (Male) |
| 5:06 | Crear | Villager (Male) |
| 5:08 | Crear | Villager (Male) |
| 5:08 | Crear | Villager (Male) |
| 5:09 | Crear | Villager (Male) |
| 5:09 | Crear | Villager (Male) |
| 5:32 | Crear | Villager (Male) |
| 5:32 | Crear | Villager (Male) |
| 5:33 | Crear | Villager (Male) |
| 6:25 | Crear | Villager (Male) |
| 6:27 | Crear | Villager (Male) |
| 6:28 | Crear | Villager (Male) |
| 6:28 | Crear | Villager (Male) |
| 6:29 | Crear | Villager (Male) |
| 6:29 | Crear | Villager (Male) |
| 6:29 | Crear | Villager (Male) |
| 7:16 | Construir | Lumber Camp |
| 7:31 | Crear | Villager (Male) |
| 7:47 | Crear | Villager (Male) |
| 7:48 | Crear | Villager (Male) |
| 7:48 | Crear | Villager (Male) |
| 7:48 | Crear | Villager (Male) |
| 7:48 | Crear | Villager (Male) |
| 7:49 | Crear | Villager (Male) |
| 7:49 | Crear | Villager (Male) |
| 8:23 | Crear | Villager (Male) |
| 8:29 | Construir | House |
| 8:38 | Construir | House |
| 8:59 | Crear | Villager (Male) |
| 10:37 | Crear | Villager (Male) |
| 10:50 | Investigar | Feudal Age |
| 10:53 | Investigar | Loom |
| 11:09 | Construir | Mining Camp |
| 11:52 | Crear | Villager (Male) |
| 11:53 | Crear | Villager (Male) |
| 12:44 | Construir | Farm |
| 12:44 | Construir | Farm |
| 12:44 | Construir | Farm |
| 12:44 | Construir | Farm |
| 12:45 | Construir | Farm |
| 12:45 | Construir | Farm |
| 12:45 | Construir | Farm |
| 12:46 | Construir | Farm |
| 13:20 | Construir | Blacksmith |
| 13:28 | Construir | Market |
| 13:45 | Construir | Mining Camp |
| 15:02 | Investigar | Castle Age |
| 15:03 | Investigar | Castle Age |
| 15:03 | Investigar | Castle Age |
| 15:04 | Investigar | Castle Age |
| 15:45 | Construir | Barracks |
| 18:06 | Construir | Town Center |
| 18:11 | Construir | Town Center |
| 18:14 | Investigar | Double-Bit Axe |
| 18:15 | Investigar | Horse Collar |
| 18:36 | Construir | Archery Range |
| 18:52 | Investigar | Bow Saw |
| 19:13 | Crear | Villager (Male) |
| 19:34 | Investigar | Heavy Plow |
| 19:38 | Crear | Villager (Male) |
| 20:07 | Crear | Villager (Male) |
| 20:11 | Crear | Villager (Male) |
| 20:12 | Crear | Villager (Male) |
| 20:29 | Crear | Villager (Male) |
| 20:30 | Crear | Villager (Male) |
| 20:31 | Crear | Villager (Male) |
| 20:50 | Construir | Farm |
| 20:51 | Crear | Villager (Male) |
| 20:52 | Crear | Villager (Male) |
| 21:04 | Construir | Siege Workshop |
| 21:10 | Crear | Villager (Male) |
| 21:11 | Crear | Villager (Male) |
| 21:23 | Construir | University |
| 21:26 | Crear | Villager (Male) |
| 21:28 | Crear | Villager (Male) |
| 21:40 | Construir | Farm |
| 21:43 | Construir | Farm |
| 21:46 | Construir | Farm |
| 21:59 | Construir | Archery Range |
| 22:52 | Crear | Villager (Male) |
| 22:53 | Crear | Villager (Male) |
| 22:53 | Crear | Villager (Male) |
| 22:54 | Crear | Villager (Male) |
| 22:54 | Crear | Villager (Male) |
| 23:03 | Construir | House |
| 23:05 | Construir | House |
| 23:06 | Construir | House |
| 23:06 | Construir | House |
| 23:07 | Construir | House |
| 23:07 | Construir | House |
| 23:08 | Construir | House |
| 23:08 | Construir | House |
| 23:20 | Crear | Villager (Male) |
| 23:21 | Crear | Villager (Male) |
| 23:21 | Crear | Villager (Male) |
| 23:25 | Construir | Farm |
| 23:28 | Construir | Farm |
| 23:36 | Construir | Farm |
| 23:39 | Construir | Farm |
| 23:46 | Crear | Villager (Male) |
| 23:47 | Crear | Villager (Male) |
| 23:54 | Crear | Villager (Male) |
| 23:57 | Crear | Villager (Male) |
| 24:18 | Construir | Castle |
| 24:33 | Construir | Farm |
| 24:37 | Construir | Farm |
| 24:45 | Investigar | Chemistry |
| 25:04 | Crear | Villager (Male) |
| 25:12 | Crear | Villager (Male) |
| 25:18 | Crear | Villager (Male) |
| 25:33 | Construir | Town Center |
| 25:45 | Construir | Town Center |
| 25:49 | Crear | Villager (Male) |
| 25:50 | Crear | Villager (Male) |
| 25:50 | Crear | Villager (Male) |
| 25:51 | Crear | Villager (Male) |
| 25:51 | Crear | Villager (Male) |
| 26:09 | Construir | House |
| 26:11 | Construir | House |
| 26:12 | Construir | House |
| 26:12 | Construir | House |
| 26:12 | Construir | House |
| 26:13 | Construir | House |
| 26:13 | Construir | House |
| 26:13 | Construir | House |
| 26:13 | Construir | House |
| 26:14 | Construir | House |
| 26:14 | Construir | House |
| 26:14 | Construir | House |
| 26:14 | Construir | House |
| 26:21 | Crear | Villager (Male) |
| 26:25 | Crear | Villager (Male) |
Build order — Lobo estepario
Primeras 150 de 339 acciones detectadas
| 0:01 | Crear | Villager (Male) |
| 0:02 | Crear | Villager (Male) |
| 0:03 | Construir | House |
| 0:05 | Construir | House |
| 0:13 | Crear | Villager (Male) |
| 0:14 | Crear | Villager (Male) |
| 1:27 | Crear | Villager (Male) |
| 2:02 | Crear | Villager (Male) |
| 2:04 | Crear | Villager (Male) |
| 2:20 | Construir | Settlement |
| 2:46 | Crear | Villager (Male) |
| 2:56 | Crear | Villager (Male) |
| 3:29 | Crear | Villager (Male) |
| 3:46 | Crear | Villager (Male) |
| 4:24 | Crear | Villager (Male) |
| 4:41 | Crear | Villager (Male) |
| 4:41 | Crear | Villager (Male) |
| 5:04 | Construir | House |
| 5:07 | Crear | Villager (Male) |
| 5:31 | Crear | Villager (Male) |
| 6:00 | Crear | Villager (Male) |
| 6:28 | Crear | Villager (Male) |
| 7:25 | Crear | Villager (Male) |
| 7:34 | Construir | Settlement |
| 7:45 | Construir | House |
| 7:49 | Crear | Villager (Male) |
| 8:22 | Crear | Villager (Male) |
| 8:33 | Crear | Villager (Male) |
| 8:51 | Crear | Villager (Male) |
| 9:08 | Investigar | Feudal Age |
| 9:08 | Investigar | Feudal Age |
| 9:36 | Construir | Settlement |
| 10:32 | Construir | Farm |
| 10:32 | Construir | Farm |
| 11:09 | Crear | Villager (Male) |
| 11:09 | Crear | Villager (Male) |
| 11:47 | Edad | Edad Feudal |
| 11:52 | Construir | Market |
| 11:58 | Construir | Blacksmith |
| 12:30 | Construir | Settlement |
| 12:36 | Construir | Settlement |
| 12:40 | Investigar | Castle Age |
| 13:26 | Investigar | Double-Bit Axe |
| 13:32 | Investigar | Horse Collar |
| 13:32 | Investigar | Horse Collar |
| 14:33 | Investigar | Gold Mining |
| 15:15 | Crear | Villager (Male) |
| 15:16 | Crear | Villager (Male) |
| 15:20 | Edad | Edad de los Castillos |
| 15:27 | Construir | Monastery |
| 15:34 | Construir | Town Center |
| 15:38 | Crear | Villager (Male) |
| 16:18 | Construir | Town Center |
| 16:18 | Crear | Villager (Male) |
| 16:22 | Crear | Unit 2586 |
| 16:23 | Crear | Unit 2586 |
| 16:36 | Construir | House |
| 16:37 | Construir | House |
| 16:42 | Investigar | Loom |
| 16:50 | Crear | Villager (Male) |
| 16:50 | Crear | Villager (Male) |
| 17:03 | Construir | Farm |
| 17:23 | Crear | Villager (Male) |
| 17:26 | Crear | Monk |
| 17:27 | Investigar | Fervor |
| 17:36 | Construir | Farm |
| 17:40 | Construir | Farm |
| 17:57 | Crear | Villager (Male) |
| 17:58 | Crear | Villager (Male) |
| 18:01 | Construir | Farm |
| 18:14 | Construir | Farm |
| 18:31 | Crear | Villager (Male) |
| 18:33 | Construir | Farm |
| 18:36 | Construir | Farm |
| 18:39 | Construir | Farm |
| 18:45 | Crear | Villager (Male) |
| 18:46 | Crear | Villager (Male) |
| 19:04 | Crear | Villager (Male) |
| 19:21 | Crear | Villager (Male) |
| 19:22 | Crear | Villager (Male) |
| 19:24 | Construir | Farm |
| 19:33 | Construir | Farm |
| 19:38 | Crear | Villager (Male) |
| 19:39 | Crear | Villager (Male) |
| 19:42 | Construir | Farm |
| 19:56 | Crear | Monk |
| 20:04 | Investigar | Scale Mail Armor |
| 20:08 | Construir | Farm |
| 20:13 | Construir | Farm |
| 20:14 | Crear | Villager (Male) |
| 20:15 | Crear | Villager (Male) |
| 20:16 | Crear | Villager (Male) |
| 20:33 | Crear | Villager (Male) |
| 20:37 | Construir | Farm |
| 20:37 | Construir | Farm |
| 20:46 | Construir | Farm |
| 20:47 | Crear | Villager (Male) |
| 20:50 | Construir | House |
| 20:51 | Construir | House |
| 20:52 | Construir | House |
| 20:54 | Crear | Villager (Male) |
| 21:14 | Crear | Unit 2586 |
| 21:17 | Crear | Villager (Male) |
| 21:22 | Construir | Farm |
| 21:22 | Construir | Farm |
| 21:24 | Crear | Villager (Male) |
| 21:26 | Construir | Farm |
| 21:55 | Crear | Villager (Male) |
| 21:55 | Crear | Villager (Male) |
| 21:56 | Crear | Villager (Male) |
| 21:59 | Construir | Farm |
| 22:00 | Construir | Farm |
| 22:10 | Construir | Town Center |
| 22:12 | Crear | Villager (Male) |
| 22:12 | Crear | Villager (Male) |
| 22:24 | Construir | Farm |
| 22:26 | Construir | House |
| 22:27 | Construir | House |
| 22:28 | Crear | Villager (Male) |
| 22:43 | Crear | Unit 2586 |
| 22:46 | Construir | Farm |
| 22:47 | Construir | Farm |
| 22:56 | Crear | Villager (Male) |
| 22:56 | Investigar | Wheelbarrow |
| 22:57 | Investigar | Wheelbarrow |
| 22:59 | Crear | Villager (Male) |
| 23:00 | Crear | Villager (Male) |
| 23:10 | Crear | Villager (Male) |
| 23:12 | Crear | Villager (Male) |
| 23:16 | Construir | Farm |
| 23:24 | Construir | House |
| 23:25 | Construir | House |
| 23:33 | Crear | Villager (Male) |
| 23:34 | Crear | Villager (Male) |
| 23:36 | Crear | Villager (Male) |
| 23:44 | Crear | Villager (Male) |
| 23:44 | Crear | Villager (Male) |
| 23:58 | Crear | Villager (Male) |
| 23:58 | Crear | Villager (Male) |
| 24:00 | Construir | Farm |
| 24:11 | Crear | Villager (Male) |
| 24:11 | Crear | Villager (Male) |
| 24:20 | Construir | Barracks |
| 24:24 | Crear | Villager (Male) |
| 24:25 | Crear | Villager (Male) |
| 24:28 | Construir | House |
| 24:29 | Construir | House |
| 24:56 | Crear | Villager (Male) |
| 24:56 | Crear | Villager (Male) |
| 24:57 | Crear | Villager (Male) |
Build order — KYOsUkE
Primeras 150 de 532 acciones detectadas
| 0:01 | Crear | Villager (Male) |
| 0:01 | Crear | Villager (Male) |
| 0:02 | Crear | Villager (Male) |
| 0:02 | Construir | House |
| 0:04 | Construir | House |
| 0:18 | Crear | Villager (Male) |
| 0:18 | Crear | Villager (Male) |
| 0:18 | Crear | Villager (Male) |
| 1:25 | Crear | Villager (Male) |
| 1:41 | Construir | Lumber Camp |
| 2:03 | Crear | Villager (Male) |
| 2:17 | Crear | Villager (Male) |
| 2:52 | Crear | Villager (Male) |
| 3:20 | Crear | Villager (Male) |
| 3:20 | Crear | Villager (Male) |
| 3:23 | Construir | House |
| 3:23 | Construir | House |
| 3:25 | Construir | House |
| 3:50 | Crear | Villager (Male) |
| 4:20 | Crear | Villager (Male) |
| 4:21 | Crear | Villager (Male) |
| 4:51 | Construir | Mill |
| 5:08 | Crear | Villager (Male) |
| 5:08 | Crear | Villager (Male) |
| 5:09 | Crear | Villager (Male) |
| 5:57 | Construir | Mill |
| 6:04 | Crear | Villager (Male) |
| 6:12 | Construir | Farm |
| 6:17 | Crear | Villager (Male) |
| 6:18 | Crear | Villager (Male) |
| 6:39 | Crear | Villager (Male) |
| 6:48 | Construir | Farm |
| 7:13 | Construir | Farm |
| 7:15 | Crear | Villager (Male) |
| 7:15 | Crear | Villager (Male) |
| 7:16 | Crear | Villager (Male) |
| 8:01 | Construir | Farm |
| 8:26 | Construir | Mining Camp |
| 8:36 | Investigar | Feudal Age |
| 8:36 | Investigar | Feudal Age |
| 8:37 | Investigar | Feudal Age |
| 9:11 | Construir | Farm |
| 9:19 | Crear | Villager (Male) |
| 9:19 | Crear | Villager (Male) |
| 11:13 | Edad | Edad Feudal |
| 11:15 | Construir | Market |
| 11:17 | Construir | Blacksmith |
| 11:50 | Investigar | Double-Bit Axe |
| 11:54 | Investigar | Castle Age |
| 11:54 | Investigar | Castle Age |
| 12:17 | Investigar | Horse Collar |
| 12:17 | Investigar | Horse Collar |
| 12:31 | Construir | House |
| 12:32 | Construir | House |
| 12:33 | Construir | House |
| 12:45 | Crear | Villager (Male) |
| 12:46 | Crear | Villager (Male) |
| 14:24 | Edad | Edad de los Castillos |
| 14:28 | Construir | Town Center |
| 14:38 | Investigar | Heavy Plow |
| 14:39 | Investigar | Heavy Plow |
| 14:39 | Investigar | Heavy Plow |
| 14:39 | Investigar | Bow Saw |
| 14:40 | Investigar | Bow Saw |
| 14:47 | Crear | Villager (Male) |
| 15:12 | Crear | Villager (Male) |
| 15:16 | Crear | Villager (Male) |
| 15:18 | Crear | Villager (Male) |
| 15:25 | Construir | Town Center |
| 15:30 | Crear | Villager (Male) |
| 15:31 | Crear | Villager (Male) |
| 15:53 | Crear | Villager (Male) |
| 15:59 | Crear | Villager (Male) |
| 16:10 | Crear | Villager (Male) |
| 16:13 | Construir | Farm |
| 16:18 | Construir | House |
| 16:20 | Crear | Villager (Male) |
| 16:21 | Crear | Villager (Male) |
| 16:22 | Construir | Farm |
| 16:29 | Investigar | Loom |
| 16:35 | Construir | Farm |
| 16:39 | Construir | Farm |
| 16:45 | Construir | Farm |
| 16:54 | Construir | House |
| 16:55 | Construir | House |
| 16:57 | Crear | Villager (Male) |
| 17:01 | Construir | Farm |
| 17:10 | Construir | Farm |
| 17:12 | Crear | Villager (Male) |
| 17:18 | Construir | Farm |
| 17:21 | Construir | Farm |
| 17:22 | Construir | Farm |
| 17:28 | Construir | House |
| 17:29 | Construir | House |
| 17:32 | Crear | Villager (Male) |
| 17:41 | Construir | Farm |
| 17:42 | Crear | Villager (Male) |
| 17:54 | Construir | Farm |
| 18:00 | Crear | Villager (Male) |
| 18:00 | Crear | Villager (Male) |
| 18:05 | Construir | Farm |
| 18:08 | Construir | Farm |
| 18:11 | Crear | Villager (Male) |
| 18:18 | Construir | House |
| 18:19 | Construir | House |
| 18:24 | Construir | Monastery |
| 18:25 | Crear | Villager (Male) |
| 18:33 | Crear | Villager (Male) |
| 18:41 | Crear | Villager (Male) |
| 18:52 | Crear | Villager (Male) |
| 18:52 | Crear | Villager (Male) |
| 19:01 | Construir | Town Center |
| 19:01 | Crear | Villager (Male) |
| 19:02 | Crear | Villager (Male) |
| 19:08 | Crear | Villager (Male) |
| 19:09 | Crear | Monk |
| 19:12 | Construir | House |
| 19:13 | Construir | House |
| 19:22 | Crear | Villager (Male) |
| 19:26 | Investigar | Town Watch |
| 19:26 | Investigar | Town Watch |
| 19:34 | Construir | Farm |
| 19:35 | Construir | Farm |
| 19:37 | Construir | Farm |
| 19:40 | Crear | Villager (Male) |
| 19:42 | Construir | Lumber Camp |
| 19:44 | Crear | Villager (Male) |
| 19:48 | Construir | Outpost |
| 19:50 | Construir | Gate |
| 19:53 | Crear | Villager (Male) |
| 19:53 | Crear | Villager (Male) |
| 19:58 | Crear | Villager (Male) |
| 20:00 | Construir | Farm |
| 20:05 | Crear | Villager (Male) |
| 20:18 | Crear | Villager (Male) |
| 20:19 | Crear | Villager (Male) |
| 20:28 | Construir | Farm |
| 20:30 | Construir | Farm |
| 20:31 | Construir | Farm |
| 20:32 | Construir | Farm |
| 20:34 | Crear | Villager (Male) |
| 20:34 | Crear | Villager (Male) |
| 20:45 | Construir | House |
| 20:46 | Construir | House |
| 20:48 | Crear | Villager (Male) |
| 20:50 | Crear | Villager (Male) |
| 20:54 | Crear | Villager (Male) |
| 21:00 | Construir | Mill |
| 21:06 | Crear | Villager (Male) |
| 21:11 | Construir | Lumber Camp |
Build order — Nick Z
Primeras 150 de 256 acciones detectadas
| 0:05 | Crear | Villager (Male) |
| 0:06 | Crear | Villager (Male) |
| 0:06 | Crear | Villager (Male) |
| 0:06 | Crear | Villager (Male) |
| 0:09 | Construir | House |
| 0:11 | Construir | House |
| 1:47 | Crear | Villager (Male) |
| 1:55 | Construir | Lumber Camp |
| 2:03 | Crear | Villager (Male) |
| 2:36 | Crear | Villager (Male) |
| 2:42 | Construir | House |
| 2:45 | Construir | House |
| 2:54 | Construir | House |
| 2:56 | Construir | House |
| 3:04 | Crear | Villager (Male) |
| 3:44 | Crear | Villager (Male) |
| 3:44 | Crear | Villager (Male) |
| 3:51 | Construir | House |
| 4:22 | Crear | Villager (Male) |
| 4:22 | Crear | Villager (Male) |
| 4:37 | Crear | Villager (Male) |
| 4:37 | Crear | Villager (Male) |
| 5:18 | Crear | Villager (Male) |
| 5:18 | Crear | Villager (Male) |
| 5:36 | Construir | Mill |
| 6:46 | Crear | Villager (Male) |
| 7:00 | Crear | Villager (Male) |
| 7:00 | Crear | Villager (Male) |
| 7:01 | Crear | Villager (Male) |
| 8:16 | Construir | Mining Camp |
| 8:34 | Crear | Villager (Male) |
| 8:35 | Crear | Villager (Male) |
| 8:35 | Crear | Villager (Male) |
| 8:51 | Construir | Mill |
| 10:04 | Investigar | Feudal Age |
| 10:22 | Construir | House |
| 10:24 | Construir | House |
| 10:25 | Construir | House |
| 10:42 | Crear | Villager (Male) |
| 10:43 | Crear | Villager (Male) |
| 10:43 | Crear | Villager (Male) |
| 12:14 | Edad | Edad Feudal |
| 12:23 | Construir | Market |
| 12:33 | Construir | Blacksmith |
| 12:49 | Construir | Lumber Camp |
| 13:12 | Investigar | Double-Bit Axe |
| 13:18 | Investigar | Castle Age |
| 14:06 | Crear | Villager (Male) |
| 14:07 | Crear | Villager (Male) |
| 14:18 | Construir | Farm |
| 14:21 | Construir | Farm |
| 14:32 | Construir | Farm |
| 14:35 | Construir | Farm |
| 14:39 | Construir | Farm |
| 16:09 | Edad | Edad de los Castillos |
| 16:12 | Construir | Town Center |
| 16:16 | Construir | Town Center |
| 16:24 | Construir | Town Center |
| 16:36 | Construir | Barracks |
| 16:45 | Construir | Barracks |
| 16:48 | Crear | Villager (Male) |
| 17:00 | Investigar | Bow Saw |
| 17:03 | Investigar | Horse Collar |
| 17:05 | Crear | Villager (Male) |
| 17:13 | Construir | Farm |
| 17:24 | Crear | Villager (Male) |
| 17:24 | Crear | Villager (Male) |
| 17:38 | Investigar | Loom |
| 17:38 | Crear | Villager (Male) |
| 17:45 | Construir | House |
| 18:07 | Construir | Archery Range |
| 18:10 | Crear | Villager (Male) |
| 18:10 | Crear | Villager (Male) |
| 18:10 | Crear | Villager (Male) |
| 18:29 | Crear | Villager (Male) |
| 18:35 | Construir | Farm |
| 18:36 | Construir | Farm |
| 18:44 | Construir | Farm |
| 18:45 | Construir | Farm |
| 18:49 | Construir | Farm |
| 18:51 | Construir | Farm |
| 19:00 | Construir | Archery Range |
| 19:02 | Crear | Archer ×5 |
| 19:06 | Crear | Villager (Male) |
| 19:07 | Crear | Villager (Male) |
| 19:07 | Crear | Villager (Male) |
| 19:35 | Construir | Barracks |
| 19:51 | Construir | House |
| 19:53 | Construir | House |
| 19:59 | Crear | Archer ×4 |
| 19:59 | Crear | Archer ×4 |
| 20:10 | Crear | Villager (Male) |
| 20:12 | Crear | Villager (Male) |
| 20:17 | Construir | House |
| 20:58 | Investigar | Crossbowman (upgrade) |
| 20:59 | Crear | Archer ×2 |
| 21:04 | Investigar | Padded Archer Armor |
| 21:12 | Crear | Villager (Male) |
| 21:12 | Crear | Villager (Male) |
| 21:32 | Crear | Villager (Male) |
| 21:32 | Crear | Villager (Male) |
| 21:32 | Crear | Villager (Male) |
| 21:39 | Construir | Archery Range |
| 21:46 | Crear | Villager (Male) |
| 22:00 | Construir | Farm |
| 22:01 | Construir | Farm |
| 22:11 | Crear | Villager (Male) |
| 22:11 | Crear | Villager (Male) |
| 22:24 | Construir | Farm |
| 22:25 | Construir | Farm |
| 22:27 | Construir | Farm |
| 22:31 | Construir | Farm |
| 22:32 | Construir | Farm |
| 22:36 | Construir | Farm |
| 22:46 | Crear | Villager (Male) |
| 22:46 | Crear | Villager (Male) |
| 22:47 | Crear | Villager (Male) |
| 23:01 | Crear | Villager (Male) |
| 23:08 | Crear | Villager (Male) |
| 23:18 | Crear | Villager (Male) |
| 23:32 | Construir | Farm |
| 23:33 | Construir | Farm |
| 23:35 | Construir | Farm |
| 23:38 | Construir | Farm |
| 23:42 | Crear | Villager (Male) |
| 23:42 | Crear | Villager (Male) |
| 23:42 | Crear | Villager (Male) |
| 24:00 | Construir | Farm |
| 24:16 | Investigar | Wheelbarrow |
| 24:19 | Investigar | Town Watch |
| 24:25 | Construir | Farm |
| 24:28 | Crear | Villager (Male) |
| 24:31 | Crear | Villager (Male) |
| 24:35 | Crear | Villager (Male) |
| 24:41 | Construir | House |
| 24:42 | Construir | House |
| 24:43 | Construir | House |
| 24:46 | Construir | House |
| 24:52 | Construir | House |
| 24:54 | Construir | House |
| 24:55 | Construir | House |
| 25:03 | Investigar | Fletching |
| 25:06 | Investigar | Leather Archer Armor |
| 25:15 | Crear | Villager (Male) |
| 25:19 | Crear | Villager (Male) |
| 25:19 | Crear | Villager (Male) |
| 25:27 | Crear | Archer |
| 25:28 | Crear | Archer |
| 25:28 | Crear | Archer |
| 25:28 | Crear | Archer |
Build order — BigBlackBOar
Primeras 150 de 447 acciones detectadas
| 0:00 | Crear | Villager (Male) |
| 0:02 | Construir | House |
| 0:05 | Construir | House |
| 0:09 | Crear | Villager (Male) |
| 0:18 | Crear | Villager (Male) |
| 0:34 | Crear | Villager (Male) |
| 0:34 | Crear | Villager (Male) |
| 1:03 | Crear | Villager (Male) |
| 1:25 | Crear | Villager (Male) |
| 1:25 | Crear | Villager (Male) |
| 1:45 | Construir | Settlement |
| 2:02 | Crear | Villager (Male) |
| 2:02 | Crear | Villager (Male) |
| 2:18 | Crear | Villager (Male) |
| 2:56 | Crear | Villager (Male) |
| 3:41 | Crear | Villager (Male) |
| 3:42 | Crear | Villager (Male) |
| 3:47 | Construir | Settlement |
| 3:51 | Crear | Villager (Male) |
| 4:23 | Crear | Villager (Male) |
| 4:24 | Crear | Villager (Male) |
| 4:35 | Crear | Villager (Male) |
| 4:56 | Crear | Villager (Male) |
| 4:56 | Crear | Villager (Male) |
| 5:13 | Construir | Farm |
| 5:41 | Crear | Villager (Male) |
| 5:57 | Crear | Villager (Male) |
| 6:08 | Construir | Settlement |
| 6:12 | Crear | Villager (Male) |
| 6:41 | Crear | Villager (Male) |
| 7:04 | Construir | House |
| 7:21 | Crear | Villager (Male) |
| 7:43 | Construir | Farm |
| 7:51 | Crear | Villager (Male) |
| 8:02 | Construir | Farm |
| 8:06 | Crear | Villager (Male) |
| 8:33 | Crear | Villager (Male) |
| 9:00 | Construir | Barracks |
| 9:30 | Crear | Villager (Male) |
| 9:31 | Crear | Villager (Male) |
| 9:40 | Construir | House |
| 9:50 | Investigar | Feudal Age |
| 10:07 | Construir | Farm |
| 10:11 | Construir | Farm |
| 11:12 | Crear | Villager (Male) |
| 11:13 | Crear | Villager (Male) |
| 11:34 | Crear | Unit 2550 |
| 12:00 | Crear | Unit 2550 |
| 12:30 | Edad | Edad Feudal |
| 12:32 | Construir | Market |
| 12:33 | Construir | Blacksmith |
| 12:35 | Construir | House |
| 12:50 | Investigar | Horse Collar |
| 12:51 | Investigar | Double-Bit Axe |
| 13:13 | Investigar | Tech 1402 |
| 13:22 | Investigar | Castle Age |
| 13:33 | Construir | Farm |
| 13:35 | Construir | Farm |
| 13:54 | Crear | Unit 2550 |
| 14:46 | Investigar | Horse Collar |
| 15:57 | Crear | Villager (Male) |
| 16:02 | Edad | Edad de los Castillos |
| 16:04 | Construir | Town Center |
| 16:07 | Construir | Town Center |
| 16:11 | Crear | Villager (Male) |
| 16:13 | Investigar | Gold Mining |
| 16:14 | Investigar | Bow Saw |
| 16:20 | Crear | Villager (Male) |
| 16:22 | Investigar | Heavy Plow |
| 16:27 | Construir | Monastery |
| 16:33 | Construir | Farm |
| 16:38 | Construir | Farm |
| 16:41 | Construir | Farm |
| 16:44 | Construir | Farm |
| 16:47 | Construir | Farm |
| 16:48 | Crear | Villager (Male) |
| 16:56 | Crear | Villager (Male) |
| 17:00 | Construir | Farm |
| 17:07 | Construir | House |
| 17:18 | Crear | Villager (Male) |
| 17:19 | Crear | Villager (Male) |
| 17:22 | Crear | Monk |
| 17:25 | Crear | Villager (Male) |
| 17:26 | Construir | House |
| 17:31 | Construir | Farm |
| 17:37 | Construir | Farm |
| 17:41 | Construir | Farm |
| 17:44 | Crear | Villager (Male) |
| 17:46 | Construir | Farm |
| 17:48 | Construir | Farm |
| 17:52 | Construir | Farm |
| 17:57 | Crear | Villager (Male) |
| 17:58 | Crear | Villager (Male) |
| 18:07 | Crear | Villager (Male) |
| 18:09 | Construir | Farm |
| 18:17 | Construir | House |
| 18:19 | Crear | Villager (Male) |
| 18:21 | Construir | Farm |
| 18:25 | Crear | Villager (Male) |
| 18:25 | Crear | Villager (Male) |
| 18:27 | Construir | Farm |
| 18:36 | Crear | Villager (Male) |
| 18:37 | Construir | Farm |
| 18:42 | Crear | Villager (Male) |
| 18:42 | Crear | Villager (Male) |
| 18:52 | Construir | House |
| 18:54 | Crear | Villager (Male) |
| 18:54 | Crear | Villager (Male) |
| 18:58 | Construir | Farm |
| 19:03 | Crear | Villager (Male) |
| 19:03 | Crear | Villager (Male) |
| 19:05 | Construir | Farm |
| 19:09 | Crear | Villager (Male) |
| 19:10 | Crear | Villager (Male) |
| 19:14 | Crear | Villager (Male) |
| 19:32 | Construir | House |
| 19:33 | Crear | Villager (Male) |
| 19:33 | Crear | Villager (Male) |
| 19:33 | Crear | Villager (Male) |
| 19:39 | Construir | Farm |
| 19:41 | Construir | Farm |
| 19:44 | Construir | Farm |
| 19:45 | Crear | Villager (Male) |
| 19:45 | Crear | Villager (Male) |
| 19:45 | Crear | Villager (Male) |
| 19:57 | Crear | Villager (Male) |
| 20:00 | Crear | Villager (Male) |
| 20:04 | Crear | Villager (Male) |
| 20:07 | Construir | House |
| 20:09 | Construir | Farm |
| 20:18 | Crear | Villager (Male) |
| 20:26 | Construir | Town Center |
| 20:27 | Crear | Villager (Male) |
| 20:31 | Crear | Villager (Male) |
| 20:32 | Crear | Villager (Male) |
| 20:36 | Crear | Villager (Male) |
| 20:37 | Construir | House |
| 20:39 | Crear | Villager (Male) |
| 20:42 | Construir | Farm |
| 20:44 | Construir | Farm |
| 20:48 | Construir | Farm |
| 20:49 | Crear | Villager (Male) |
| 20:49 | Crear | Villager (Male) |
| 20:50 | Crear | Villager (Male) |
| 20:50 | Crear | Villager (Male) |
| 20:53 | Construir | Farm |
| 20:55 | Construir | Farm |
| 20:59 | Construir | Farm |
| 21:04 | Crear | Villager (Male) |
| 21:13 | Investigar | Wheelbarrow |
Build order — unknown
147 acciones detectadas en el replay
| 0:02 | Crear | Villager (Male) |
| 0:03 | Crear | Villager (Male) |
| 0:05 | Construir | House |
| 0:11 | Crear | Villager (Male) |
| 0:11 | Crear | Villager (Male) |
| 0:13 | Investigar | Loom |
| 1:33 | Crear | Villager (Male) |
| 1:36 | Construir | House |
| 2:14 | Crear | Villager (Male) |
| 2:14 | Crear | Villager (Male) |
| 2:24 | Crear | Villager (Male) |
| 2:25 | Crear | Villager (Male) |
| 3:05 | Construir | Settlement |
| 3:09 | Crear | Villager (Male) |
| 3:10 | Crear | Villager (Male) |
| 3:10 | Crear | Villager (Male) |
| 3:45 | Crear | Villager (Male) |
| 3:45 | Crear | Villager (Male) |
| 4:11 | Crear | Villager (Male) |
| 4:15 | Crear | Villager (Male) |
| 4:58 | Crear | Villager (Male) |
| 5:39 | Crear | Villager (Male) |
| 5:52 | Construir | House |
| 6:03 | Crear | Villager (Male) |
| 6:19 | Crear | Villager (Male) |
| 6:33 | Crear | Villager (Male) |
| 6:46 | Construir | House |
| 7:03 | Construir | House |
| 7:15 | Crear | Villager (Male) |
| 7:28 | Crear | Villager (Male) |
| 7:42 | Construir | House |
| 8:09 | Crear | Villager (Male) |
| 8:19 | Crear | Villager (Male) |
| 8:50 | Construir | Settlement |
| 9:04 | Crear | Villager (Male) |
| 9:16 | Investigar | Feudal Age |
| 9:21 | Crear | Villager (Male) |
| 10:42 | Construir | House |
| 10:55 | Crear | Villager (Male) |
| 11:17 | Construir | Settlement |
| 11:26 | Edad | Edad Feudal |
| 11:32 | Crear | Villager (Male) |
| 12:09 | Construir | Settlement |
| 12:17 | Construir | Settlement |
| 12:36 | Crear | Villager (Male) |
| 13:04 | Construir | Farm |
| 13:25 | Crear | Villager (Male) |
| 13:45 | Construir | Farm |
| 13:50 | Crear | Villager (Male) |
| 14:16 | Crear | Villager (Male) |
| 14:38 | Construir | Blacksmith |
| 14:46 | Investigar | Double-Bit Axe |
| 14:54 | Crear | Villager (Male) |
| 15:28 | Construir | Market |
| 16:10 | Crear | Villager (Male) |
| 16:43 | Construir | Barracks |
| 17:11 | Construir | Farm |
| 17:23 | Construir | Farm |
| 17:30 | Investigar | Castle Age |
| 18:07 | Construir | Archery Range |
| 18:15 | Crear | Unit 2550 |
| 18:25 | Crear | Villager (Male) |
| 18:34 | Construir | Farm |
| 18:38 | Construir | Farm |
| 18:44 | Construir | Farm |
| 18:46 | Crear | Villager (Male) |
| 19:02 | Crear | Villager (Male) |
| 19:22 | Construir | Settlement |
| 19:32 | Construir | Farm |
| 19:41 | Investigar | Horse Collar |
| 19:43 | Investigar | Gold Mining |
| 20:10 | Edad | Edad de los Castillos |
| 20:25 | Crear | Petard |
| 20:26 | Crear | Petard |
| 21:00 | Construir | Farm |
| 21:04 | Construir | Farm |
| 21:27 | Construir | Town Center |
| 21:34 | Crear | Villager (Male) |
| 21:55 | Construir | Siege Workshop |
| 22:06 | Investigar | Heavy Plow |
| 22:09 | Investigar | Stone Mining |
| 22:33 | Crear | Petard |
| 23:05 | Construir | Castle |
| 23:18 | Crear | Villager (Male) |
| 23:45 | Crear | Villager (Male) |
| 23:55 | Crear | Villager (Male) |
| 23:58 | Construir | Farm |
| 24:19 | Crear | Scorpion |
| 24:34 | Investigar | Bow Saw |
| 24:38 | Crear | Villager (Male) |
| 24:42 | Crear | Villager (Male) |
| 24:57 | Construir | Farm |
| 25:02 | Construir | Farm |
| 26:08 | Crear | Villager (Male) |
| 26:10 | Crear | Villager (Male) |
| 26:23 | Crear | Kamayuk |
| 26:23 | Crear | Kamayuk |
| 26:23 | Crear | Kamayuk |
| 26:35 | Crear | Villager (Male) |
| 26:36 | Crear | Villager (Male) |
| 26:36 | Crear | Villager (Male) |
| 26:37 | Crear | Villager (Male) |
| 26:37 | Crear | Villager (Male) |
| 26:41 | Construir | Farm |
| 26:43 | Crear | Villager (Male) |
| 26:43 | Crear | Villager (Male) |
| 26:44 | Crear | Villager (Male) |
| 26:47 | Crear | Villager (Male) |
| 27:03 | Crear | Villager (Male) |
| 27:03 | Crear | Villager (Male) |
| 27:09 | Construir | Farm |
| 27:11 | Construir | Farm |
| 27:13 | Construir | Farm |
| 27:20 | Construir | Farm |
| 27:30 | Construir | Farm |
| 27:32 | Crear | Villager (Male) |
| 27:34 | Crear | Villager (Male) |
| 27:40 | Construir | Farm |
| 27:46 | Construir | Farm |
| 27:50 | Construir | Farm |
| 27:57 | Crear | Kamayuk |
| 27:57 | Crear | Kamayuk |
| 27:58 | Crear | Kamayuk |
| 28:07 | Crear | Scorpion |
| 28:08 | Crear | Scorpion |
| 28:38 | Crear | Villager (Male) |
| 28:42 | Construir | Farm |
| 28:58 | Construir | Town Center |
| 29:02 | Crear | Villager (Male) |
| 29:55 | Crear | Unit 2550 |
| 29:56 | Crear | Unit 2550 |
| 30:06 | Crear | Unit 2550 |
| 30:06 | Crear | Unit 2550 |
| 30:07 | Crear | Unit 2550 |
| 30:11 | Crear | Unit 2550 |
| 30:16 | Crear | Petard |
| 30:26 | Construir | Stone Wall |
| 30:32 | Crear | Kamayuk |
| 30:32 | Crear | Kamayuk |
| 30:56 | Crear | Unit 2550 |
| 30:56 | Crear | Unit 2550 |
| 30:56 | Crear | Unit 2550 |
| 31:13 | Construir | Stone Wall |
| 31:39 | Crear | Kamayuk |
| 31:39 | Crear | Kamayuk |
| 33:09 | Construir | Town Center |
| 34:00 | Construir | Settlement |
Cronología de la partida
| 9:00 | BigBlackBOar · first_building Barracks |
| 10:37 | Pandev · age_up feudal |
| 11:13 | KYOsUkE · age_up feudal |
| 11:26 | unknown · age_up feudal |
| 11:28 | No conozco el honor · age_up feudal |
| 11:47 | Lobo estepario · age_up feudal |
| 12:14 | Nick Z · age_up feudal |
| 12:30 | BigBlackBOar · age_up feudal |
| 14:11 | Pandev · age_up castle |
| 14:24 | KYOsUkE · age_up castle |
| 15:02 | Nick Z · first_market_buy 100 stone |
| 15:20 | Lobo estepario · age_up castle |
| 15:27 | Lobo estepario · first_building Monastery |
| 15:39 | No conozco el honor · age_up castle |
| 15:45 | NightPlane492 · first_building Barracks |
| 16:02 | BigBlackBOar · age_up castle |
| 16:09 | Nick Z · age_up castle |
| 16:13 | Lobo estepario · first_market_buy 100 food |
| 16:27 | BigBlackBOar · first_building Monastery |
| 16:36 | Nick Z · first_building Barracks |
| 16:43 | unknown · first_building Barracks |
| 17:00 | No conozco el honor · first_building Castle |
| 18:07 | Nick Z · first_building Archery Range |
| 18:07 | unknown · first_building Archery Range |
| 18:24 | KYOsUkE · first_building Monastery |
| 18:36 | NightPlane492 · first_building Archery Range |
| 20:10 | unknown · age_up castle |
| 20:36 | Pandev · first_building Barracks |
| 21:04 | NightPlane492 · first_building Siege Workshop |
| 21:49 | No conozco el honor · first_building Barracks |
| 21:55 | unknown · first_building Siege Workshop |
| 21:59 | Pandev · first_building Archery Range |
| 22:49 | No conozco el honor · first_building Archery Range |
| 23:05 | unknown · first_building Castle |
| 23:16 | BigBlackBOar · first_building Siege Workshop |
| 24:18 | NightPlane492 · first_building Castle |
| 24:20 | Lobo estepario · first_building Barracks |
| 24:55 | No conozco el honor · age_up imperial |
| 25:19 | Pandev · first_building Castle |
| 25:39 | KYOsUkE · first_building Castle |
| 25:40 | BigBlackBOar · first_market_buy 100 stone |
| 25:43 | BigBlackBOar · first_building Castle |
| 25:47 | Nick Z · first_building Castle |
| 26:21 | Lobo estepario · first_building Castle |
| 26:50 | KYOsUkE · first_building Barracks |
| 26:52 | KYOsUkE · first_building Siege Workshop |
| 27:22 | Pandev · first_building Monastery |
| 27:35 | BigBlackBOar · first_building Archery Range |
| 28:07 | Pandev · first_market_sell 100 food |
| 28:08 | KYOsUkE · first_building Archery Range |
| 29:08 | KYOsUkE · first_building Stable |
| 29:15 | Lobo estepario · first_building Archery Range |
| 29:20 | KYOsUkE · age_up imperial |
| 30:01 | Pandev · age_up imperial |
| 30:02 | Lobo estepario · first_building Siege Workshop |
| 30:13 | BigBlackBOar · age_up imperial |
| 30:26 | unknown · wall_segment Stone Wall x8 |
| 31:13 | unknown · wall_segment Stone Wall x14 |
| 32:38 | NightPlane492 · first_building Stable |
| 34:16 | KYOsUkE · wall_segment Stone Wall x1 |
| 34:16 | Lobo estepario · age_up imperial |
| 34:40 | KYOsUkE · first_market_sell 500 wood |
| 35:30 | KYOsUkE · wall_segment Stone Wall x1 |
| 35:30 | KYOsUkE · wall_segment Stone Wall x1 |
| 35:30 | KYOsUkE · wall_segment Stone Wall x1 |
| 36:19 | Lobo estepario · resign |
| 38:48 | No conozco el honor · tribute_sent a jugador 2 |
| 38:48 | No conozco el honor · tribute_sent a jugador 3 |
| 38:48 | No conozco el honor · tribute_sent a jugador 4 |
| 38:48 | No conozco el honor · tribute_sent a jugador 5 |
| 38:48 | No conozco el honor · tribute_sent a jugador 6 |
| 38:48 | No conozco el honor · tribute_sent a jugador 7 |
| 38:48 | No conozco el honor · tribute_sent a jugador 8 |
| 39:39 | KYOsUkE · tribute_sent a jugador 1 |
| 39:39 | KYOsUkE · tribute_sent a jugador 2 |
| 39:39 | KYOsUkE · tribute_sent a jugador 3 |
| 39:39 | KYOsUkE · tribute_sent a jugador 5 |
| 39:39 | KYOsUkE · tribute_sent a jugador 6 |
| 39:39 | KYOsUkE · tribute_sent a jugador 7 |
| 39:39 | KYOsUkE · tribute_sent a jugador 8 |
| 40:54 | Nick Z · first_market_sell 500 wood |
[ ANÁLISIS IA · 1 CRÉDITO ]
¿Qué pasó realmente en esta partida?
Wolo.gg analiza cada decisión: build order, eco, micro, errores típicos por bracket. Análisis personalizado por WhatsApp o Discord en 30 segundos.
Guía civ
Mapuche
Perfil
Jugador #462616